| TOP OF THE 1ST |
|
Pittsburgh Pirates batting - Pitching for Philadelphia Phillies : LHP Ayaz bin Jalal
|
|
Pitching: LHP Ayaz bin Jalal
|
|
|
Batting: RHB Eisse Bravenboer
|
0-0: Ball 1-0: Swinging Strike 1-1: Foul Ball, location: 2F 1-2: Strikes out looking
|
|
Batting: RHB Jeckel Hester
|
0-0: Called Strike 0-1: Ball 1-1: Ball 2-1: Ball 3-1: Base on Balls
|
|
Batting: RHB Steve Jordan
|
0-0: Called Strike 0-1: Ball 1-1: Called Strike 1-2: Strikes out swinging Jeckel Hester steals 2nd base Batter strikes out.
|
|
Batting: RHB Vincent Poopwell
|
0-0: Hit by Pitch
|
|
Batting: RHB Tommie Eaton
|
0-0: Ball 1-0: Ball 2-0: Foul Ball, location: 2F 2-1: Fly out, F7 (Flyball, 78S, EV 87.5 MPH)
|
| Top of the 1st over - 0 runs, 0 hits, 0 errors, 2 left on base; Pittsburgh 0 - Philadelphia 0 |
| BOTTOM OF THE 1ST |
|
Philadelphia Phillies batting - Pitching for Pittsburgh Pirates : RHP Chris Lincecum II
|
|
Pitching: RHP Chris Lincecum II
|
|
|
Batting: RHB Ji-an Li
|
0-0: Foul Ball, location: 2F 0-1: Ground out U3 (Groundball, 3, EV 76.9 MPH)
|
|
Batting: LHB Nick Canizales
|
0-0: Ball 1-0: Foul Ball, location: 2F 1-1: Foul Ball, location: 2F 1-2: Ball 2-2: Ball 3-2: Foul Ball, location: 2F 3-2: Base on Balls
|
|
Batting: LHB Eric Katz
|
0-0: Ball Wild Pitch! Nick Canizales to second 1-0: Ball 2-0: Called Strike 2-1: Ground out 5-3 (Groundball, 56S, EV 85.6 MPH)
|
|
Batting: LHB Ryan Trombley
|
0-0: Ball 1-0: Ball 2-0: Ball 3-0: Called Strike 3-1: Swinging Strike 3-2: Base on Balls
|
|
Batting: RHB Raul de la Cruz
|
0-0: Ball 1-0: Ball 2-0: Fly out, F9 (Flyball, 89M, EV 88.1 MPH)
|
| Bottom of the 1st over - 0 runs, 0 hits, 0 errors, 2 left on base; Pittsburgh 0 - Philadelphia 0 |
| TOP OF THE 2ND |
|
Pittsburgh Pirates batting - Pitching for Philadelphia Phillies : LHP Ayaz bin Jalal
|
|
Batting: LHB Theodore Conboy
|
0-0: Foul Ball, location: 2F 0-1: Foul Ball, location: 2F 0-2: Strikes out swinging
|
|
Batting: RHB Raul Mendoza
|
0-0: Ball 1-0: Ball 2-0: Ball 3-0: Called Strike 3-1: Fly out, F7 (Line Drive, 7, EV 92.5 MPH)
|
|
Batting: RHB Mike Bates
|
0-0: Foul Ball, location: 2F 0-1: Called Strike 0-2: Ball 1-2: Strikes out swinging
|
| Top of the 2nd over - 0 runs, 0 hits, 0 errors, 0 left on base; Pittsburgh 0 - Philadelphia 0 |
| BOTTOM OF THE 2ND |
|
Philadelphia Phillies batting - Pitching for Pittsburgh Pirates : RHP Chris Lincecum II
|
|
Batting: LHB Alberto Figueroa
|
0-0: Ball 1-0: Called Strike 1-1: Ball 2-1: SINGLE (Groundball, 4MD, EV 96.2 MPH)
|
|
Batting: SHB Rafael Vazquez
|
0-0: Fly out, F9 (Flyball, 89S, EV 87.5 MPH)
|
|
Batting: SHB Patrick Kimmel
|
0-0: Grounds into double play, 4-6-3 (Groundball, 4, EV 104.4 MPH)
|
| Bottom of the 2nd over - 0 runs, 1 hit, 0 errors, 0 left on base; Pittsburgh 0 - Philadelphia 0 |
| TOP OF THE 3RD |
|
Pittsburgh Pirates batting - Pitching for Philadelphia Phillies : LHP Ayaz bin Jalal
|
|
Batting: RHB Mike Thornton
|
0-0: Foul Ball, location: 2F 0-1: Called Strike 0-2: Ball 1-2: Fly out, F8 (Flyball, 8LM, EV 83.8 MPH)
|
|
Batting: RHB Eisse Bravenboer
|
0-0: Called Strike 0-1: DOUBLE (Flyball, 89D, EV 105.0 MPH)
|
|
Batting: RHB Jeckel Hester
|
0-0: Called Strike Eisse Bravenboer steals 3rd base 0-1: Fly out, F9 (Flyball, 9D, EV 107.5 MPH) Runner from 3rd tags up, SCORES, no throw by RF
|
|
Batting: RHB Steve Jordan
|
0-0: Ball 1-0: Called Strike 1-1: Ball 2-1: Swinging Strike 2-2: Ball 3-2: Strikes out swinging
|
| Top of the 3rd over - 1 run, 1 hit, 0 errors, 0 left on base; Pittsburgh 1 - Philadelphia 0 |
| BOTTOM OF THE 3RD |
|
Philadelphia Phillies batting - Pitching for Pittsburgh Pirates : RHP Chris Lincecum II
|
|
Batting: RHB Luis Arce
|
0-0: Ball 1-0: Ball 2-0: Called Strike 2-1: Foul Ball, location: 2F 2-2: Foul Ball, location: 2F 2-2: Foul Ball, location: 2F 2-2: Foul Ball, location: 2F 2-2: Strikes out swinging
|
|
Batting: RHB Ji-an Li
|
0-0: Foul Ball, location: 2F 0-1: Ground out 6-3 (Groundball, 6MS, EV 78.1 MPH)
|
|
Batting: LHB Nick Canizales
|
0-0: Ball 1-0: Called Strike 1-1: Ball 2-1: DOUBLE (Line Drive, 89D, EV 102.5 MPH)
|
|
Batting: LHB Eric Katz
|
0-0: Ball 1-0: SINGLE (Groundball, 4MD, EV 94.4 MPH) Nick Canizales to third Runner from 3rd tries for Home, SAFE, throw by CF to home
|
|
Batting: LHB Ryan Trombley
|
0-0: Ball 1-0: Ball 2-0: Ball 3-0: Called Strike 3-1: Fielders Choice at 2nd, 5-4 (Groundball, 5L, EV 107.5 MPH)
|
| Bottom of the 3rd over - 1 run, 2 hits, 0 errors, 1 left on base; Pittsburgh 1 - Philadelphia 1 |
| TOP OF THE 4TH |
|
Pittsburgh Pirates batting - Pitching for Philadelphia Phillies : LHP Ayaz bin Jalal
|
|
Batting: RHB Vincent Poopwell
|
0-0: Swinging Strike 0-1: Called Strike 0-2: Ball 1-2: Foul Ball, location: 2F 1-2: Ball 2-2: Ball 3-2: Strikes out swinging
|
|
Batting: RHB Tommie Eaton
|
0-0: Ball 1-0: Fly out, F7 (Flyball, 7D, EV 92.5 MPH)
|
|
Batting: LHB Theodore Conboy
|
0-0: Ball 1-0: Foul Ball, location: 2F 1-1: Foul Ball, location: 2F 1-2: Ball 2-2: Ball 3-2: Base on Balls
|
|
Batting: RHB Raul Mendoza
|
0-0: Ball 1-0: Foul Ball, location: 2F 1-1: Fly out, F4 (Flyball, 3D, EV 80.0 MPH)
|
| Top of the 4th over - 0 runs, 0 hits, 0 errors, 1 left on base; Pittsburgh 1 - Philadelphia 1 |
| BOTTOM OF THE 4TH |
|
Philadelphia Phillies batting - Pitching for Pittsburgh Pirates : RHP Chris Lincecum II
|
|
Batting: RHB Raul de la Cruz
|
0-0: Ball 1-0: Foul Ball, location: 2F 1-1: Ball 2-1: Ground out 6-3 (Groundball, 6, EV 92.5 MPH)
|
|
Batting: LHB Alberto Figueroa
|
0-0: Called Strike 0-1: Foul Ball, location: 2F 0-2: Ball 1-2: DOUBLE (Flyball, 8RXD, EV 108.1 MPH)
|
|
Batting: SHB Rafael Vazquez
|
0-0: Called Strike 0-1: Foul Ball, location: 2F 0-2: Foul Ball, location: 2F 0-2: Foul Ball, location: 2F 0-2: Ball 1-2: SINGLE (Groundball, 4MS, EV 70.0 MPH) (infield hit) Alberto Figueroa to third
|
|
Batting: SHB Patrick Kimmel
|
0-0: Fielders Choice at 2nd, 3-6 (Groundball, 34S, EV 84.4 MPH) Alberto Figueroa scores
|
|
Batting: RHB Luis Arce
|
0-0: Ball 1-0: Ball 2-0: Foul Ball, location: 2F 2-1: Foul Ball, location: 2F 2-2: Strikes out looking
|
| Bottom of the 4th over - 1 run, 2 hits, 0 errors, 1 left on base; Pittsburgh 1 - Philadelphia 2 |
| TOP OF THE 5TH |
|
Pittsburgh Pirates batting - Pitching for Philadelphia Phillies : LHP Ayaz bin Jalal
|
|
Batting: RHB Mike Bates
|
0-0: Called Strike 0-1: Ball 1-1: Ball 2-1: SOLO HOME RUN (Flyball, 7LD, EV 96.9 MPH), Distance : 358 ft
|
|
Batting: RHB Mike Thornton
|
0-0: Called Strike 0-1: Fly out, F8 (Flyball, 8RXD, EV 86.2 MPH)
|
|
Batting: RHB Eisse Bravenboer
|
0-0: Foul Ball, location: 2F 0-1: Fly out, F9 (Flyball, 9, EV 90.6 MPH)
|
|
Batting: RHB Jeckel Hester
|
0-0: Ball 1-0: Ball 2-0: Foul Ball, location: 2F 2-1: Swinging Strike 2-2: DOUBLE (Groundball, 3L, EV 96.2 MPH)
|
|
Batting: RHB Steve Jordan
|
0-0: Ball 1-0: Swinging Strike 1-1: Ground out 1-3 (Groundball, 13S, EV 70.0 MPH)
|
| Top of the 5th over - 1 run, 2 hits, 0 errors, 1 left on base; Pittsburgh 2 - Philadelphia 2 |
| BOTTOM OF THE 5TH |
|
Philadelphia Phillies batting - Pitching for Pittsburgh Pirates : RHP Chris Lincecum II
|
|
Batting: RHB Ji-an Li
|
0-0: Ball 1-0: Fly out, F8 (Flyball, 8RXD, EV 97.5 MPH)
|
|
Batting: LHB Nick Canizales
|
0-0: Foul Ball, location: 2F 0-1: Ball 1-1: Foul Ball, location: 2F 1-2: Ground out 6-3 (Groundball, 6, EV 86.9 MPH)
|
|
Batting: LHB Eric Katz
|
0-0: Called Strike 0-1: Ball 1-1: Ball 2-1: Swinging Strike 2-2: Ball 3-2: SINGLE (Groundball, 5D, EV 96.9 MPH)
|
|
Batting: LHB Ryan Trombley
|
0-0: Ball 1-0: Ball 2-0: SINGLE (Groundball, 25, EV 63.1 MPH) (infield hit) Eric Katz to second
|
|
Batting: RHB Raul de la Cruz
|
0-0: Ground out 4-3 (Groundball, 34, EV 80.0 MPH)
|
| Bottom of the 5th over - 0 runs, 2 hits, 0 errors, 2 left on base; Pittsburgh 2 - Philadelphia 2 |
| TOP OF THE 6TH |
|
Pittsburgh Pirates batting - Pitching for Philadelphia Phillies : LHP Ayaz bin Jalal
|
|
Batting: RHB Vincent Poopwell
|
0-0: Ball 1-0: Called Strike 1-1: Ball 2-1: Called Strike 2-2: Foul Ball, location: 2F 2-2: Strikes out swinging
|
|
Batting: RHB Tommie Eaton
|
0-0: Called Strike 0-1: Ball 1-1: Ball 2-1: Fly out, F7 (Flyball, 78M, EV 77.5 MPH)
|
|
Batting: LHB Theodore Conboy
|
0-0: Ball 1-0: Foul Ball, location: 2F 1-1: Ball 2-1: Foul Ball, location: 2F 2-2: Foul Ball, location: 2F 2-2: Strikes out swinging
|
| Top of the 6th over - 0 runs, 0 hits, 0 errors, 0 left on base; Pittsburgh 2 - Philadelphia 2 |
| BOTTOM OF THE 6TH |
|
Philadelphia Phillies batting - Pitching for Pittsburgh Pirates : RHP Chris Lincecum II
|
|
Batting: LHB Alberto Figueroa
|
0-0: Ball 1-0: Called Strike 1-1: Ball 2-1: Fly out, F9 (Line Drive, 9, EV 95.0 MPH)
|
|
Batting: SHB Rafael Vazquez
|
0-0: Ball 1-0: Called Strike 1-1: SINGLE (Popup, 5D, EV 49.4 MPH)
|
|
Batting: SHB Patrick Kimmel
|
0-0: Ball 1-0: Foul Ball, location: 2F 1-1: Ball 2-1: Grounds out, U3 (Groundball, 3L, EV 89.4 MPH)
|
|
Batting: RHB Luis Arce
|
0-0: Swinging Strike 0-1: Ball 1-1: Foul Ball, location: 2F 1-2: Ball 2-2: Ball 3-2: Base on Balls
|
|
Batting: RHB Ji-an Li
|
0-0: Ball 1-0: Fly out, F4 (Line Drive, 4, EV 68.1 MPH)
|
| Bottom of the 6th over - 0 runs, 1 hit, 0 errors, 2 left on base; Pittsburgh 2 - Philadelphia 2 |
| TOP OF THE 7TH |
|
Pittsburgh Pirates batting - Pitching for Philadelphia Phillies : LHP Ayaz bin Jalal
|
|
Batting: RHB Raul Mendoza
|
0-0: Called Strike 0-1: Ball 1-1: Called Strike 1-2: Ball 2-2: Foul Ball, location: 2F 2-2: Strikes out swinging
|
|
Pitching: LHP Rico Saldarriaga
|
|
|
Batting: RHB Mike Bates
|
0-0: Ball 1-0: Ball 2-0: Foul Ball, location: 2F 2-1: Ball 3-1: Base on Balls
|
|
Batting: RHB Mike Thornton
|
0-0: Called Strike 0-1: Ball 1-1: Ball 2-1: Ball 3-1: Fly out, F8 (Flyball, 8RM, EV 93.1 MPH)
|
|
Batting: RHB Eisse Bravenboer
|
0-0: Ball 1-0: Ball Mike Bates steals 2nd base 2-0: Called Strike 2-1: Ball 3-1: Base on Balls
|
|
Batting: RHB Jeckel Hester
|
0-0: Ball 1-0: Called Strike 1-1: Foul Ball, location: 2F 1-2: Ball 2-2: Foul Ball, location: 2F 2-2: Ball 3-2: Fly out, F4 (Line Drive, 4, EV 70.6 MPH)
|
| Top of the 7th over - 0 runs, 0 hits, 0 errors, 2 left on base; Pittsburgh 2 - Philadelphia 2 |
| BOTTOM OF THE 7TH |
|
Philadelphia Phillies batting - Pitching for Pittsburgh Pirates : RHP Chris Lincecum II
|
|
Pitching: LHP Tim Wichman
|
|
|
Batting: LHB Nick Canizales
|
0-0: Ball 1-0: Ball 2-0: SINGLE (Groundball, 3D, EV 96.9 MPH)
|
|
Batting: LHB Eric Katz
|
0-0: Ball 1-0: Grounds into double play, 6-4-3 (Groundball, 6S, EV 85.6 MPH)
|
|
Batting: LHB Ryan Trombley
|
0-0: Called Strike 0-1: Swinging Strike 0-2: Strikes out swinging
|
| Bottom of the 7th over - 0 runs, 1 hit, 0 errors, 0 left on base; Pittsburgh 2 - Philadelphia 2 |
| TOP OF THE 8TH |
|
Pittsburgh Pirates batting - Pitching for Philadelphia Phillies : LHP Rico Saldarriaga
|
|
Batting: RHB Steve Jordan
|
0-0: Ball 1-0: Ball 2-0: Ball 3-0: Called Strike 3-1: Base on Balls
|
|
Batting: RHB Vincent Poopwell
|
0-0: Ball 1-0: Ball 2-0: Ball 3-0: Called Strike 3-1: DOUBLE (Line Drive, 7LS, EV 115.0 MPH) Steve Jordan to third Runner from 3rd tries for Home, SAFE, throw by LF to trailing runner, SAFE at third!
|
|
Batting: RHB Tommie Eaton
|
0-0: Intentional Walk
|
|
Batting: LHB Theodore Conboy
|
0-0: Ball 1-0: Foul Ball, location: 2F 1-1: Ball 2-1: Ball 3-1: Called Strike 3-2: Strikes out swinging
|
|
Batting: RHB Raul Mendoza
|
0-0: Called Strike 0-1: Fly out, F8 (Flyball, 8RS, EV 93.8 MPH) Runner from 3rd tags up, SCORES, throw by CF
|
|
Batting: RHB Mike Bates
|
0-0: Ball 1-0: Called Strike 1-1: Ball 2-1: Ball 3-1: Fly out, F9 (Flyball, 9, EV 85.6 MPH)
|
| Top of the 8th over - 2 runs, 1 hit, 0 errors, 1 left on base; Pittsburgh 4 - Philadelphia 2 |
| BOTTOM OF THE 8TH |
|
Philadelphia Phillies batting - Pitching for Pittsburgh Pirates : LHP Tim Wichman
|
|
Batting: RHB Raul de la Cruz
|
0-0: Ball 1-0: Swinging Strike 1-1: Ball 2-1: Ball 3-1: Base on Balls
|
|
Batting: LHB Alberto Figueroa
|
0-0: Called Strike 0-1: Fielders Choice at 2nd, 5-4 (Groundball, 56, EV 109.4 MPH)
|
|
Batting: SHB Rafael Vazquez
|
0-0: Ball 1-0: Ball 2-0: SINGLE (Line Drive, 56, EV 107.5 MPH) Alberto Figueroa to second
|
|
Batting: SHB Patrick Kimmel
|
0-0: Called Strike 0-1: Ball 1-1: Foul Ball, location: 2F 1-2: Grounds into double play, 6-4-3 (Groundball, 6, EV 102.5 MPH)
|
| Bottom of the 8th over - 0 runs, 1 hit, 0 errors, 1 left on base; Pittsburgh 4 - Philadelphia 2 |
| TOP OF THE 9TH |
|
Pittsburgh Pirates batting - Pitching for Philadelphia Phillies : LHP Rico Saldarriaga
|
|
Pitching: RHP Rico Romero
|
|
|
Batting: SHB Marvin McAleer
|
0-0: Ball 1-0: Called Strike 1-1: Foul Ball, location: 2F 1-2: Ball 2-2: Fly out, F9 (Flyball, 89D, EV 103.8 MPH)
|
|
Batting: RHB Eisse Bravenboer
|
0-0: Called Strike 0-1: Ball 1-1: Swinging Strike 1-2: Ball 2-2: Hit by Pitch
|
|
Batting: RHB Jeckel Hester
|
0-0: Fly out, F8 (Flyball, 8LD, EV 96.2 MPH)
|
|
Batting: RHB Steve Jordan
|
0-0: Ball 1-0: Hit by Pitch Eisse Bravenboer to second
|
|
Batting: RHB Vincent Poopwell
|
0-0: SINGLE (Line Drive, 56D, EV 104.4 MPH) Eisse Bravenboer to third Steve Jordan to second Runner from 3rd tries for Home, SAFE, throw by LF to home
|
|
Batting: RHB Tommie Eaton
|
0-0: Fly out, F7 (Flyball, 78S, EV 79.4 MPH)
|
| Top of the 9th over - 1 run, 1 hit, 0 errors, 2 left on base; Pittsburgh 5 - Philadelphia 2 |
| BOTTOM OF THE 9TH |
|
Philadelphia Phillies batting - Pitching for Pittsburgh Pirates : LHP Tim Wichman
|
|
Pitching: RHP Steve Grier
|
|
|
Batting: RHB Luis Arce
|
0-0: Called Strike 0-1: Ball 1-1: Ball 2-1: Fly out, F7 (Flyball, 78M, EV 93.8 MPH)
|
|
Batting: RHB Ji-an Li
|
0-0: Ball 1-0: Ball 2-0: Ball 3-0: Base on Balls
|
|
Batting: LHB Nick Canizales
|
0-0: Called Strike 0-1: Ball 1-1: Foul Ball, location: 2F 1-2: SINGLE (Line Drive, 4D, EV 97.5 MPH) Ji-an Li to second
|
|
Batting: LHB Eric Katz
|
0-0: Ball 1-0: Foul Ball, location: 2F 1-1: Ball 2-1: Foul Ball, location: 2F 2-2: Strikes out swinging
|
|
Batting: LHB Ryan Trombley
|
0-0: Ball 1-0: Swinging Strike 1-1: Swinging Strike 1-2: Strikes out swinging
|
| Bottom of the 9th over - 0 runs, 1 hit, 0 errors, 2 left on base; Pittsburgh 5 - Philadelphia 2 |
|